Map: 乌雷纳

Players

Quail - Winner!

  • Race: Protoss Protoss
  • League: Diamond

半杯水

  • Race: Zerg Zerg
  • League: Diamond

VOD

Have the link to the VOD?

Description

Time

  • Played on: Dec. 6, 2015, 9:32 a.m.
  • Length: 8:01
Show
View Real Time Build Order
Export as new Build Order

Quail Protoss - Winner!

Build Orders: 1 Gate Expand 

Get SALT Encoding   

  12  0:00  Probe (Chrono Boost)  
  13  0:11  Probe (Chrono Boost)  
  14  0:17  Pylon  
  14  0:22  Probe (Chrono Boost)  
  15  0:36  Probe (Chrono Boost)  
  15  0:39  Gateway  
  16  0:46  Probe (Chrono Boost)  
  17  0:53  Assimilator  
  18  0:57  Probe (Chrono Boost)  
  18  1:07  Probe (Chrono Boost)  
  19  1:18  Probe (Chrono Boost)  
  20  1:28  Cybernetics Core  
  20  1:37  Nexus  
  20  1:40  Probe (Chrono Boost)  
  21  1:49  Pylon  
  21  1:55  Probe (Chrono Boost)  
  21  1:58  Assimilator  
  22  2:05  Probe (Chrono Boost)  
  22  2:07  Adept  
  25  2:17  Robotics Facility  
  25  2:22  Probe (Chrono Boost)  
  26  2:24  Warp Gate (Chrono Boost)  
  26  2:32  Probe (Chrono Boost)  
  27  2:43  Probe (Chrono Boost)  
  30  2:44  Adept  
  30  2:53  Pylon  
  30  2:57  Probe x2 (Chrono Boost)  
  32  3:07  Probe x2 (Chrono Boost)  
  34  3:17  Gateway  
  34  3:18  Probe x2 (Chrono Boost)  
  34  3:24  Gateway  
  34  3:26  Observer (Chrono Boost)  
  34  3:27  Probe (Chrono Boost)  
  35  3:30  Sentry  
  35  3:33  Mothership Core  
  40  3:38  Probe  
  41  3:47  Observer (Chrono Boost)  
  42  3:50  Probe  
  42  3:53  Pylon  
  42  3:54  Probe  
  44  4:02  Probe  
  45  4:04  Pylon  
  45  4:07  Probe, Adept  
  48  4:11  Pylon  
  48  4:12  Adept  
  48  4:14  Probe  
  51  4:19  Probe, Twilight Council  
  51  4:22  Warp Prism (Chrono Boost)  
  54  4:26  Probe  
  54  4:30  Assimilator  
  54  4:31  Probe  
  56  4:38  Adept  
  56  4:44  Gateway  
  58  4:46  Gateway  
  58  4:48  Pylon  
  58  4:55  Resonating Glaives (Chrono Boost)  
  58  4:59  Adept x3  
  64  5:08  Pylon  
  64  5:15  Gateway  
  64  5:23  Gateway  
  64  5:24  Gateway  
  64  5:25  Gateway  
  64  5:31  Adept x2  
  62  5:56  Adept x3  
  68  5:57  Adept  
  68  6:03  Adept  
  72  6:06  Probe  
  71  6:18  Pylon  
  69  6:19  Adept x4  
  75  6:30  Warp Prism  
  75  6:38  Stalker x4  
  75  6:39  Stalker  
  79  6:46  Pylon  
  73  6:48  Pylon  
  73  6:52  Pylon  
  68  6:58  Stalker x2  
  72  7:07  Stalker x2  
  76  7:09  Adept  
  76  7:26  Adept x5  
  84  7:47  Adept x4  
  84  7:48  Stalker  
Show
View Real Time Build Order
Export as new Build Order

半杯水 Zerg 

Build Orders: 3 Hatch before Pool 

Get SALT Encoding   

  12  0:01  Drone  
  13  0:10  Drone  
  14  0:17  Overlord  
  14  0:36  Drone x3  
  17  0:57  Hatchery  
  17  0:58  Drone  
  17  1:01  Drone  
  18  1:14  Drone  
  19  1:26  Hatchery  
  19  1:27  Drone  
  20  1:32  Drone  
  20  1:41  Extractor  
  20  1:46  Spawning Pool  
  18  1:49  Drone  
  18  1:54  Drone  
  20  2:07  Drone  
  21  2:12  Drone  
  21  2:14  Drone  
  23  2:24  Overlord  
  23  2:25  Drone  
  24  2:33  Zergling x2  
  24  2:37  Zergling x2  
  26  2:40  Extractor  
  26  2:41  Metabolic Boost  
  26  2:43  Queen  
  27  2:45  Queen  
  27  2:48  Drone  
  27  3:21  Queen  
  27  3:25  Drone x8  
  37  3:39  Lair  
  37  3:41  Drone x2  
  38  3:46  Drone x2  
  40  4:00  Drone  
  40  4:01  Drone  
  40  4:02  Overlord x2  
  42  4:21  Drone x9  
  51  4:26  Extractor  
  51  4:27  Extractor  
  49  4:40  Spire  
  48  4:47  Zergling x20  
  58  5:06  Hatchery  
  57  5:13  Drone  
  58  5:14  Overlord x4  
  58  5:32  Queen  
  53  5:54  Mutalisk x9  
  71  6:02  Zergling x2  
  71  6:03  Zergling x6  
  70  6:07  Queen  
  64  6:25  Queen  
  65  6:30  Zergling x18  
  63  6:53  Drone x5  
  50  7:19  Drone  
  50  7:20  Drone x7  
  58  7:25  Zergling x2  
  58  7:26  Zergling x4  
Tags
 
Add a new tag
Caveats
  • Supply blocks, unpowered buildings, or Contaminate may cause inaccurate times.
  • Supply counts are checked every 10 seconds.